 Dungeon Crawl Stone Soup version 0.29.1-13-g9f3cf754e1 (webtiles) character file.

Game seed: 8379118093018093641

1367 H0rd4k the Trooper (level 8, 0/57 HPs)
             Began as an Octopode Artificer on Jan 26, 2023.
             Slain by a komodo dragon (26 damage)
             ... on level 7 of the Dungeon.
             The game lasted 00:07:44 (9198 turns).

H0rd4k the Trooper (Octopode Artificer)             Turns: 9198, Time: 00:07:45

Health: 0/57       AC:  2    Str: 11    XL:     8   Next: 65%
Magic:  23/23      EV: 13    Int: 15    God:
Gold:   354        SH:  0    Dex: 13    Spells: 15/15 levels left

rFire   . . .      SeeInvis .     - Unarmed
rCold   . . .      Faith    .   (no shield)
rNeg    + . .      Spirit   .   i - +1 hat
rPois   .          Reflect  .   (no amulet)
rElec   .          Harm     .   n - ring of magical power
rCorr   .          Rampage  .   b - ring of positive energy
Will    .....                   (no ring)
Stlth   ++++......              (no ring)
HPRegen 0.19/turn               (no ring)
MPRegen 0.18/turn               (no ring)
                                (no ring)
                                (no ring)

@: no status effects
A: almost no armour, amphibious, 8 rings, camouflage 1, gelatinous body 1,
nimble swimmer 1, tentacles
a: no special abilities


You were on level 7 of the Dungeon.
You visited 2 branches of the dungeon, and saw 8 of its levels.

You collected 354 gold pieces.

Inventory:

Armour
 i - a +1 hat (worn)
Jewellery
 b - a ring of positive energy (right tentacle)
 n - a ring of magical power (left tentacle)
Wands
 c - a wand of charming (4)
Scrolls
 a - 8 scrolls of identify {unknown}
 d - a scroll of brand weapon {unknown}
 m - 3 scrolls of torment {unknown}
 p - 2 scrolls of immolation
 q - 2 scrolls of noise {unknown}
 r - a scroll of acquirement {unknown}
 t - a scroll of teleportation {unknown}
 u - a scroll of enchant armour {unknown}
Potions
 e - 3 potions of lignification
 g - 2 potions of heal wounds {unknown}
 h - 2 potions of haste
 j - 2 potions of degeneration {unknown}
 k - a potion of brilliance {unknown}
 l - 2 potions of flight {unknown}
 o - a potion of resistance {unknown}
 s - 2 potions of mutation {unknown}
 v - a potion of might {unknown}
 w - a potion of attraction {unknown}


   Skills:
 * Level 6.3 Fighting
 + Level 0.3 Throwing
 - Level 2.3 Dodging
 - Level 1.3 Stealth
 - Level 6.1 Unarmed Combat
 * Level 4.4 Spellcasting
 - Level 3.2 Evocations


You had 15 spell levels left.
You didn't know any spells.
Your spell library contained the following spells:

 Spells                   Type           Power      Damage    Failure   Level
 Gell's Gravitas          Tloc           3%         N/A       45%         3
 Lesser Beckoning         Tloc           3%         N/A       45%         3
 Teleport Other           Tloc           3%         N/A       45%         3


Dungeon Overview and Level Annotations

Branches:
Dungeon (7/15)             Temple (1/1) D:7

Altars:
Ashenzari
Cheibriados
Dithmenos
Elyvilon
Fedhas
Hepliaklqana
Kikubaaqudgha
Makhleb
Nemelex Xobeh
Okawaru
Qazlal
Ru
Sif Muna
Trog
Uskayaw
Vehumet
Wu Jian
Xom
Yredelemnul
Zin

Annotations:
D:4 1 runed translucent door, exclusion: door, Svetislav95's ghost, novice HOBe
D:5 3 runed translucent doors, exclusion: 3 doors, peterlawrence's ghost, novice MiFi
D:6 3 runed translucent doors, exclusions: 3 doors and downstairs, jaiteiro's ghost, novice MiHu


Innate Abilities, Weirdness & Mutations

You cannot wear most types of armour.
You are amphibious.
You can wear up to eight rings at the same time.
Your skin changes colour to match your surroundings (Stealth+).
Your rubbery body absorbs attacks. (AC +1, EV +1)
You are camouflaged when in or above water. (Stealth+)
You have tentacles for arms and can constrict up to eight enemies at once.


Message History

You closely miss something. Your squeeze misses something.
A sky beast appears from thin air!
Reactivating autopickup.
The sky beast hits you. The sky beast shocks you.
You tentacle-slap the sky beast but do no damage.
The sky beast is severely wounded.
The sky beast flickers out of sight!
Deactivating autopickup; reactivate with Ctrl-A.
Something hits you. Something shocks you.
You bludgeon something!
Reactivating autopickup.
You feel a bit more experienced.
Found an escape hatch in the ceiling.
y - a poisoned dart
Found a sling.
y - 3 poisoned darts (gained 2) Key pressed, stopping explore.
A komodo dragon comes into view.
A komodo dragon is nearby!
A komodo dragon is nearby!
A komodo dragon is nearby!
The komodo dragon hisses angrily.
You see here 14 gold pieces.
You now have 354 gold pieces (gained 14).
You throw a poisoned dart.
The poisoned dart hits the komodo dragon.
The komodo dragon is poisoned.
You throw a poisoned dart.
The poisoned dart hits the komodo dragon.
The komodo dragon looks even sicker.
You throw a poisoned dart.
The poisoned dart hits the komodo dragon.
The komodo dragon looks even sicker.
The komodo dragon is lightly wounded.
The komodo dragon attacks as you move away!
The komodo dragon bites you!
The komodo dragon attacks as you move away!
The komodo dragon bites you! The komodo dragon bites you!!
You die...

#. #...(.......#####
#.##.........###
#.>..........#####
####...............####
#####.....#........###)...#
##..).....<............#...#
##.........#......$..##.....#
##..............l...).####...#
..............~⌠@..)[.####...####
##............~.~...........†...#
##.........#.....##((..........#
##.....#...########............##
...#####.######..)..)#<.......##
.### #.#......###........##.# ##
#...#########.8.8.8.$..# ##. .
........⌠.⌠.⌠..### ...#
...............#


You could see a komodo dragon (very poisoned).

Vanquished Creatures
  2 sky beasts (D:7)
  A phantom (D:6)
  Blork the orc (D:4)
  2 scorpions (D:5)
  A necrophage (D:3)
  A jelly (D:4)
  A hound (D:4)
  3 orc priests
  A gnoll bouda (D:7)
  5 orc wizards
  Ijyb (D:4)
  3 iguanas
  3 gnolls (D:7)
  12 adders
  A white imp (D:7)
  3 worms (D:2)
  19 orcs
  17 endoplasms
  2 giant cockroaches
  6 hobgoblins
  3 jackals (D:4)
  16 kobolds
  4 quokkas
  9 ball pythons
  5 bats
  9 frilled lizards
  7 goblins
  5 rats
143 creatures vanquished.

Vanquished Creatures (collateral kills)
  An ice beast (D:7)
  An orc priest (D:7)
  An orc wizard (D:7)
  3 gnolls (D:5)
  3 kobolds (D:7)
9 creatures vanquished.

Vanquished Creatures (others)
  A black bear (D:5)
  A kobold brigand (D:7)
  A gnoll (D:5)
  2 orcs (D:3)
  2 fungi (D:6)
  25 plants
32 creatures vanquished.

Grand Total: 184 creatures vanquished

Notes
Turn   | Place    | Note
-------+----------+-------------------------------------------
     0 | D:1      | H0rd4k the Octopode Artificer began the quest for the Orb.
     0 | D:1      | Reached XP level 1. HP: 13/13 MP: 1/1
   271 | D:1      | Reached skill level 1 in Spellcasting
   443 | D:1      | Reached XP level 2. HP: 9/18 MP: 3/3
   640 | D:1      | Found a faded altar of an unknown god.
  1137 | D:1      | Reached skill level 1 in Unarmed Combat
  1137 | D:1      | Reached XP level 3. HP: 16/23 MP: 5/5
  2525 | D:2      | Reached XP level 4. HP: 29/29 MP: 6/6
  2807 | D:2      | Identified the +1 pair of boots of Mumotegi {Int+7}
  2986 | D:2      | Reached XP level 5. HP: 14/35 MP: 8/8
  3812 | D:3      | Identified the +0 leather armour of Xiplet {rC++ Regen+
                  | rCorr Int-4}
  4690 | D:3      | Reached XP level 6. HP: 15/41 MP: 9/9
  5546 | D:4      | Noticed Blork the orc
  5550 | D:4      | Killed Blork the orc
  5629 | D:4      | Reached XP level 7. HP: 46/46 MP: 11/11
  5689 | D:4      | Noticed Ijyb
  5719 | D:4      | Killed Ijyb
  5720 | D:4      | Reached skill level 5 in Unarmed Combat
  5781 | D:4      | Found a runed translucent door.
  5785 | D:4      | Noticed Svetislav95's ghost (novice HOBe)
  6129 | D:5      | Entered Level 5 of the Dungeon
  6528 | D:5      | Found a runed translucent gate.
  6528 | D:5      | Found a runed translucent gate.
  6618 | D:5      | Found a runed translucent gate.
  6666 | D:5      | Noticed peterlawrence's ghost (novice MiFi)
  6860 | D:6      | Found a glowing silver altar of Zin.
  7096 | D:6      | Reached XP level 8. HP: 29/54 MP: 13/13
  7405 | D:6      | Found a runed translucent gate.
  7405 | D:6      | Found a runed translucent gate.
  7405 | D:6      | Found a runed translucent gate.
  7408 | D:6      | Noticed a kobold demonologist
  7408 | D:6      | Noticed jaiteiro's ghost (novice MiHu)
  7510 | D:6      | Found a bloodstained altar of Trog.
  7605 | D:6      | Found a basalt altar of Yredelemnul.
  8153 | D:7      | Found a staircase to the Ecumenical Temple.
  8182 | D:7      | Reached skill level 5 in Fighting
  8219 | Temple   | Entered the Ecumenical Temple
  8736 | D:7      | HP: 2/57 [sky beast (5)]
  9186 | D:7      | Noticed a komodo dragon
  9198 | D:7      | Slain by a komodo dragon

Illustrated notes

Levels and vault maps discovered:
D:1:      dpeg_arrival_central, layout_rooms,
          shapermc_ecumenical_altar_mp_ritualfount
D:2:      minmay_recursive_quarters, layout_loops_ring
D:3:      layout_basic, st_stairs_7, lexackson_kobold_supper
D:4:      layout_rooms, ebering_ghost_inner_flame, uniq_blork_the_orc, uniq_ijyb
D:5:      layout_rooms, gammafunk_ghost_icy
D:6:      layout_loops_ring, zin_statuary, mainiacjoe_overflow_big_doors,
          gammafunk_ghost_nasty_kobolds
D:7:      layout_rooms, minmay_temple_entry_drinking_statues,
          chequers_serial_rivers_micro_a, corexii_leaking_fountain,
          minmay_lizard_king
Temple:   bh_familiar_temple

Skill      XL: |  1  2  3  4  5  6  7  8 |
---------------+-------------------------+-----
Spellcasting   | 1 2 3 4 |  4.4
Unarmed Combat | 1 2 3 4 6 |  6.1
Fighting       | 2 3 4 6 |  6.3
Throwing       | |  0.3
Dodging        | |  2.3
Stealth        | |  1.3
Evocations     | |  3.2

Action                   |  1- 3 |  4- 6 |  7- 9 || total
-------------------------+-------+-------+-------++-------
Melee: Unarmed           |   111 |   153 |   147 ||   411
       Tentacles         |    14 |    44 |    34 ||    92
       Constrict         |    21 |    48 |    21 ||    90
       Punch             |     3 |     5 |     5 ||    13
Throw: Dart              |       |       |    11 ||    11
Evoke: Wand              |     2 |    17 |    13 ||    32
  Use: Potion            |       |       |     4 ||     4
 Stab: Sleeping          |     9 |     2 |     2 ||    13
       Distracted        |       |     1 |       ||     1
Armor: Skin              |    14 |    21 |    12 ||    47
Dodge: Dodged            |    46 |   104 |    60 ||   210
